 Dungeon Crawl Stone Soup version 0.23-a0-307-gc3b755d (webtiles) character file.

145506 epen the Covert (level 17, -4/199 HPs)
             Began as a Gnoll Assassin on Oct 10, 2018.
             Was a Priest of Lugonu.
             Slain by an air elemental (7 damage)
             ... on level 2 of the Elven Halls.
             The game lasted 02:00:24 (37126 turns).

epen the Covert (Gnoll Assassin)                   Turns: 37126, Time: 02:00:24

Health: -4/199     AC: 32    Str: 15    XL:     17   Next: 42%
Magic:  24/32      EV:  2    Int: 20    God:    Lugonu [***...]
Gold:   1767       SH:  0    Dex: 16    Spells: 12/38 levels left

rFire    + . .     SeeInvis .   d - +8 halberd "Eblek" {freeze, +Blink rPois}
rCold    . . .     Gourm    .   (shield currently unavailable)
rNeg     + + +     Faith    .   (armour currently unavailable)
rPois    +         Spirit   .   (helmet currently unavailable)
rElec    .         Reflect  .   (cloak currently unavailable)
rCorr    .         Harm     .   (gloves currently unavailable)
MR       ++...     NoTele   +   (boots currently unavailable)
Stlth    +++++.....             A - amulet of the acrobat
HPRegen  0.43/turn              a - ring of protection from fire
MPRegen  0.23/turn              E - +4 ring of protection

@: tree-form
A: distributed training, magic resistance 1, strong nose
a: Depart the Abyss, Bend Space, Banish, Renounce Religion, Evoke Blink


You were on level 2 of the Elven Halls.
You worshipped Lugonu.
Lugonu was most pleased with you.
You were not hungry.
You were a tree.
You visited 6 branches of the dungeon, and saw 28 of its levels.
You visited the Abyss 1 time.

You collected 3240 gold pieces.
You spent 1473 gold pieces at shops.

Inventory:

Hand Weapons
 d - the +8 halberd "Eblek" (weapon) {freeze, +Blink rPois}
   (You found it on level 6 of the Lair of Beasts)

   It has been specially enchanted to freeze those struck by it, causing extra
   injury to most foes and up to half again as much damage against particularly
   susceptible opponents.
   It can also slow down cold-blooded creatures.
   It protects you from poison.
   It lets you blink.
 O - the +4 hand crossbow of Amortisation {speed, SInv}
   (You bought it in a shop on level 12 of the Dungeon)

   Attacks with this weapon are significantly faster.
   It lets you see invisible.
 T - a +5 blowgun
Missiles
 e - 78 poisoned needles
 f - 8 curare-tipped needles
 P - 6 needles of confusion
 R - 139 bolts
 U - 7 needles of sleeping
Armour
 n - a +1 buckler of fire resistance
 p - a +1 pair of boots (melded)
 z - the +1 pair of gloves "Caveg" (melded) {MR++ rCorr Dex+3 Stlth+}
   (You found it on level 2 of the Abyss)

   It affects your dexterity (+3).
   It affects your resistance to hostile enchantments.
   It provides partial protection from all sources of acid and corrosion.
   It makes you more stealthy.
 F - a +2 helmet (melded)
 G - a +4 troll leather armour (melded)
 K - the +3 scale mail of the Fisher {MR+ Str+4}
   (You found it on level 2 of the Elven Halls)

   It affects your strength (+4).
   It affects your resistance to hostile enchantments.
 N - a scarf of resistance (melded)
Jewellery
 a - a ring of protection from fire (left branch)
 b - a +6 ring of intelligence {unknown}
 q - an uncursed ring of magical power
 A - an amulet of the acrobat (around neck)
 D - an uncursed ring of stealth
 E - a +4 ring of protection (right branch)
 W - the ring "Daqones" {rPois rF+ MR- EV+2}
   (You found it on level 2 of the Lair of Beasts)

   [ring of evasion]

   It affects your evasion (+2).
   It protects you from fire.
   It protects you from poison.
   It affects your resistance to hostile enchantments.
Wands
 y - a wand of digging (7)
 H - a wand of iceblast (6)
 J - a wand of flame (13)
 Z - a wand of scattershot (5)
Scrolls
 r - 4 scrolls of teleportation
 u - 2 scrolls of enchant weapon
 v - a scroll of magic mapping
 w - 11 scrolls of identify
 B - a scroll of enchant armour
 C - 13 scrolls of remove curse
 L - 2 scrolls of fear
 S - 3 scrolls of amnesia
 X - 2 scrolls of fog
Potions
 g - 2 potions of ambrosia
 h - 2 potions of brilliance
 i - 4 potions of lignification
 j - a potion of agility
 m - 6 potions of resistance
 o - 12 potions of curing
 t - 3 potions of mutation
 x - 4 potions of flight
 I - 3 potions of cancellation
Miscellaneous
 l - a lightning rod (4/4)
 Q - a lamp of fire
Comestibles
 c - 14 rations


   Skills:
 + Level 12.1 Fighting
 + Level 12.1 Short Blades
 + Level 11.3 Long Blades
 + Level 11.3 Axes
 + Level 11.3 Maces & Flails
 + Level 11.3 Polearms
 + Level 11.3 Staves
 + Level 11.3 Slings
 + Level 11.3 Bows
 + Level 11.3 Crossbows
 + Level 12.1 Throwing
 + Level 11.3 Armour
 + Level 11.6 Dodging
 + Level 13.3 Stealth
 + Level 11.3 Shields
 + Level 11.3 Unarmed Combat
 + Level 11.3 Spellcasting
 + Level 9.6 Conjurations
 + Level 9.6 Hexes
 + Level 9.6 Charms
 + Level 9.6 Summonings
 + Level 9.6 Necromancy
 + Level 9.6 Translocations
 + Level 9.6 Transmutations
 + Level 9.6 Fire Magic
 + Level 9.6 Ice Magic
 + Level 9.6 Air Magic
 + Level 9.6 Earth Magic
 + Level 9.6 Poison Magic
 + Level 12.2 Invocations
 + Level 11.3 Evocations


You had 12 spell levels left.
You knew the following spells:

 Your Spells              Type           Power        Failure   Level  Hunger
a - Blink                 Tloc           N/A          1%          2    None
b - Sticky Flame          Conj/Fire      ######..     1%          4    ##.....
c - Ozocubu's Refrigerat  Ice            ######....   17%         6    ######.
d - Conjure Flame         Conj/Fire      ######..     1%          3    None
f - Bolt of Fire          Conj/Fire      ######....   17%         6    ######.
g - Fireball              Conj/Fire      ######....   3%          5    ####...

Your spell library contained the following spells:

 Spells                   Type           Power        Failure   Level  Hunger
 Animate Skeleton         Necr           N/A          1%          1    None
 Apportation              Tloc           ######       1%          1    None
 Confusing Touch          Hex            ######       1%          1    None
 Flame Tongue             Conj/Fire      #####        1%          1    None
 Magic Dart               Conj           ####         1%          1    None
 Sandblast                Erth           ######       1%          1    None
 Shock                    Conj/Air       ####         1%          1    None
 Summon Small Mammal      Summ           ####         1%          1    None
 Passwall                 Tmut/Erth      ######..     1%          2    None
 Searing Ray              Conj           ######       1%          2    None
 Shroud of Golubria       Chrm/Tloc      ######....   1%          2    None
 Swiftness                Chrm/Air       ######..     1%          2    None
 Throw Flame              Conj/Fire      ######       1%          2    None
 Dazzling Spray           Conj/Hex       ######       1%          3    None
 Gell's Gravitas          Tloc           ######....   1%          3    None
 Inner Flame              Hex/Fire       ######..     1%          3    None
 Lesser Beckoning         Tloc           ######....   1%          3    None
 Mephitic Cloud           Conj/Pois/Air  ######..     1%          3    None
 Static Discharge         Conj/Air       ######..     1%          3    None
 Stone Arrow              Conj/Erth      ######       1%          3    None
 Teleport Other           Tloc           ######..     1%          3    None
 Airstrike                Air            ######....   1%          4    ##.....
 Force Lance              Conj/Tloc      ######..     1%          4    ##.....
 Fulminant Prism          Conj/Hex       ######....   1%          4    ##.....
 Iskenderun's Mystic Bla  Conj           ######..     1%          4    ##.....
 Passage of Golubria      Tloc           N/A          1%          4    ##.....
 Petrify                  Tmut/Erth      ######..     1%          4    ##.....
 Lee's Rapid Deconstruct  Erth           ######....   3%          5    ####...
 Lightning Bolt           Conj/Air       ######....   3%          5    ####...
 Bolt of Cold             Conj/Ice       ######....   17%         6    ######.
 Deflect Missiles         Chrm/Air       ######....   17%         6    ######.
 Shatter                  Erth           ######....   100%        9    #######


Dungeon Overview and Level Annotations

Branches:
Dungeon (15/15)            Temple (1/1) D:5            Lair (6/6) D:10
  Swamp (0/4) Lair:3       Spider (1/4) Lair:2        Slime (0/5) Lair:6
    Orc (2/2) D:9             Elf (3/3) Orc:2        Vaults (0/5) D:13
 Depths (0/5) D:15

Altars:
Ashenzari
Cheibriados
Dithmenos
Elyvilon
Fedhas
Gozag
Hepliaklqana
Kikubaaqudgha
Makhleb
Nemelex Xobeh
Okawaru
Qazlal
Ru
Sif Muna
Trog
Uskayaw
Vehumet
Wu Jian
Xom
Yredelemnul
Zin
The Shining One
Beogh

Shops:
D:11 *   D:12 (   Orc:1 ?   Orc:2 ?(**(   Elf:3 %

Annotations:
D:6 3 runed doors, Autsider's ghost, novice GrFi
Lair:4 exclusion: 3 oklob plants
Elf:2 3 runed doors
Elf:3 2 exclusions


Innate Abilities, Weirdness & Mutations

Your experience applies equally to all skills.
((You have very sharp teeth.))
Your uncanny sense of smell can sniff out nearby items.
((Your flesh is cold resistant. (rC+)))
You are resistant to hostile enchantments. (MR+)


Message History

Confirm with . or Enter, or press ? or * to list all spells.
You blink.
Something misses you.
The air elemental completely misses you.
Something misses you.
Vehumet rains destruction down upon you!
The shard of ice hits you! You partially resist.
* * * LOW HITPOINT WARNING * * *
Casting: Blink (safe; 1% risk of failure)
Confirm with . or Enter, or press ? or * to list all spells.
You blink.
You turn into a tree.
Your scarf of resistance melds into your body.
Your +2 helmet melds into your body.
The +1 pair of gloves "Caveg" {MR++ rCorr Dex+3 Stlth+} melds into your body.
Your +1 pair of boots melds into your body.
Your +4 troll leather armour melds into your body.
You feel hot and cold all over.
Your roots penetrate the ground.
The air elemental hits you!
You die...

#### #### ...##
#..### ....#
#....###
....######......###
..((')..().....E♣.#
....######......###
....# #...§.##
...'## #..##'#
'###.## #####.# .#
##.## #.# )# ##.##
#.# .# ##.## #.# .#
##.## #.#


You could see an air elemental.

Vanquished Creatures
  Rupert (Lair:3)
  A tengu reaver (D:12)
  A deep elf sorcerer (Elf:1)
  An emperor scorpion (Lair:2)
  An orc warlord (D:9)
  Louise (Spider:1)
  An entropy weaver (Lair:2)
  Nessos (Orc:2)
  Azrael (D:12)
  3 deep elf death magi (Elf:2)
  Josephine (D:12)
  2 fire dragons (D:15)
  A yaktaur captain (D:12)
  An ice dragon (D:13)
  8 hydras
  3 catoblepae (Lair:6)
  4 centaur warriors
  A queen ant (Lair:3)
  10 two-headed ogres
  11 dancing weapons
  An ogre mage (D:15)
  The ghost of coffeespoons the Geomancer, a journeyman GrEE of Vehumet (D:11)
  A deep troll earth mage (D:12)
  2 orc high priests (Elf:1)
  10 deep elf knights
  4 skeletal warriors (D:13)
  3 unseen horrors
  A deep troll (D:13)
  10 deep elf archers
  12 orc knights
  A lindwurm (Lair:6)
  2 orb spiders (Spider:1)
  12 ugly things
  26 deep elf magi
  2 orc sorcerers
  A wizard (D:13)
  3 cyclopes
  11 wolf spiders
  3 manticores
  2 black mambas
  2 gargoyles (D:11)
  10 spiny frogs
  5 centaur skeletons
  2 torpor snails
  A kobold demonologist (D:13)
  4 komodo dragons
  A freezing wraith (D:15)
  2 efreet
  2 rime drakes (Lair:6)
  6 demonic crawlers
  4 yaktaurs
  9 jumping spiders
  9 trolls
  7 tyrant leeches (D:12)
  A wind drake (shapeshifter) (D:15)
  2 polar bears
  2 hornets (Lair:6)
  8 blink frogs
  2 bog bodies (Lair:3)
  11 hippogriffs
  6 dream sheep
  4 spriggans
  A shadow (D:13)
  5 wraiths
  3 water elementals
  2 air elementals
  2 starcursed masses (Abyss:2)
  3 wyverns
  23 redbacks
  Sigmund (D:2)
  A vampire (D:14)
  A spriggan (shapeshifter) (Elf:2)
  12 tarantellas
  15 yaks
  7 fire elementals
  8 basilisks
  A neqoxec (Abyss:2)
  5 vampire mosquitoes
  A hungry ghost (D:14)
  2 acid dragons
  8 swamp worms
  8 soldier ants (Lair:3)
  5 wargs
  13 water moccasins
  3 porcupines
  44 orc warriors
  8 hell hounds
  6 sky beasts
  2 ice beasts
  5 phantoms
  3 black bears
  21 wolves
  6 necrophages
  7 centaurs
  8 ogres
  8 crocodiles
  4 big kobolds
  2 wyvern zombies
  23 bullfrogs
  4 earth elementals
  22 scorpions
  6 killer bees (D:8)
  5 howler monkeys
  14 wights
  3 electric eels
  4 bullfrog zombies
  8 crimson imps
  6 hounds
  14 jellies
  22 orc priests
  24 orc wizards
  2 iguanas
  20 worker ants
  2 hound skeletons
  A howler monkey zombie (D:10)
  2 worker ant zombies
  6 gnolls
  13 adders
  2 shadow imps
  4 oozes
  An adder zombie (D:5)
  An adder skeleton (D:6)
  8 worms
  A dart slug (D:1)
  11 leopard geckos
  121 orcs
  2 ball pythons
  5 giant cockroaches
  10 goblins
  9 hobgoblins
  11 jackals
  24 kobolds
  6 quokkas
  5 bats
  4 frilled lizards
  A leopard gecko skeleton (D:7)
  8 rats
  A bush (D:7)
952 creatures vanquished.

Vanquished Creatures (others)
  2 deep elf knights (Elf:2)
  A centaur simulacrum (D:11)
  2 orcs (D:11)
  9 fungi
  23 plants
37 creatures vanquished.

Grand Total: 989 creatures vanquished

Notes
Turn   | Place    | Note
-------+----------+-------------------------------------------
     0 | D:1      | epen the Gnoll Assassin began the quest for the Orb.
     0 | D:1      | Reached XP level 1. HP: 20/20 MP: 1/1
    81 | D:1      | Reached XP level 2. HP: 24/26 MP: 2/2
   346 | D:1      | Reached XP level 3. HP: 31/31 MP: 3/3
   658 | D:2      | Noticed Sigmund
   678 | D:2      | Killed Sigmund
   678 | D:2      | Reached skill level 1 in Long Blades
   678 | D:2      | Reached skill level 1 in Axes
   678 | D:2      | Reached skill level 1 in Maces & Flails
   678 | D:2      | Reached skill level 1 in Polearms
   678 | D:2      | Reached skill level 1 in Staves
   678 | D:2      | Reached skill level 1 in Slings
   678 | D:2      | Reached skill level 1 in Bows
   678 | D:2      | Reached skill level 1 in Crossbows
   678 | D:2      | Reached skill level 1 in Armour
   678 | D:2      | Reached skill level 1 in Shields
   678 | D:2      | Reached skill level 1 in Unarmed Combat
   678 | D:2      | Reached skill level 1 in Spellcasting
   678 | D:2      | Reached skill level 1 in Conjurations
   678 | D:2      | Reached skill level 1 in Hexes
   678 | D:2      | Reached skill level 1 in Charms
   678 | D:2      | Reached skill level 1 in Summonings
   678 | D:2      | Reached skill level 1 in Necromancy
   678 | D:2      | Reached skill level 1 in Translocations
   678 | D:2      | Reached skill level 1 in Transmutations
   678 | D:2      | Reached skill level 1 in Fire Magic
   678 | D:2      | Reached skill level 1 in Ice Magic
   678 | D:2      | Reached skill level 1 in Air Magic
   678 | D:2      | Reached skill level 1 in Earth Magic
   678 | D:2      | Reached skill level 1 in Poison Magic
   678 | D:2      | Reached skill level 1 in Invocations
   678 | D:2      | Reached skill level 1 in Evocations
   678 | D:2      | Reached XP level 4. HP: 38/38 MP: 4/6
   678 | D:2      | Reached XP level 5. HP: 43/43 MP: 4/7
   896 | D:2      | Found a faded altar of an unknown god.
  1233 | D:2      | Became a worshipper of Vehumet
  1233 | D:2      | Reached * piety under Vehumet
  1233 | D:2      | Offered knowledge of Sandblast by Vehumet.
  1337 | D:2      | Learned a level 1 spell: Sandblast
  1426 | D:3      | Found a snail-covered altar of Cheibriados.
  1442 | D:3      | Found a basalt altar of Yredelemnul.
  1453 | D:3      | Reached skill level 8 in Stealth
  1478 | D:3      | You fall through a shaft!
  1580 | D:3      | Reached XP level 6. HP: 50/50 MP: 8/8
  1752 | D:3      | Reached ** piety under Vehumet
  1752 | D:3      | Offered knowledge of Searing Ray by Vehumet.
  2255 | D:3      | Reached skill level 5 in Fighting
  2255 | D:3      | Reached skill level 5 in Short Blades
  2255 | D:3      | Reached skill level 5 in Throwing
  2670 | D:3      | Offered knowledge of Throw Flame by Vehumet.
  2798 | D:4      | Reached XP level 7. HP: 50/56 MP: 10/10
  2932 | D:4      | Reached *** piety under Vehumet
  3366 | D:5      | Entered Level 5 of the Dungeon
  3369 | D:5      | Found a staircase to the Ecumenical Temple.
  3391 | Temple   | Entered the Ecumenical Temple
  3612 | D:5      | Found a glowing golden altar of the Shining One.
  4035 | D:5      | Found a sparkling altar of Nemelex Xobeh.
  4371 | D:6      | Reached XP level 8. HP: 55/63 MP: 12/12
  4605 | D:6      | Found an iron altar of Okawaru.
  4632 | D:6      | Offered knowledge of Airstrike by Vehumet.
  4765 | D:6      | Found a runed gate.
  4765 | D:6      | Found a runed gate.
  4765 | D:6      | Found a runed gate.
  4771 | D:6      | Noticed Autsider's ghost (novice GrFi)
  5953 | D:7      | Reached **** piety under Vehumet
  6082 | D:7      | Reached XP level 9. HP: 69/69 MP: 14/14
  6264 | D:7      | Found a blossoming altar of Fedhas.
  7036 | D:7      | Offered knowledge of Sticky Flame by Vehumet.
  7069 | D:7      | Reached skill level 5 in Dodging
  7086 | D:7      | Reached skill level 9 in Stealth
  7334 | D:8      | Noticed a troll
  7340 | D:8      | Killed a troll
  7483 | D:8      | Reached skill level 5 in Invocations
  7642 | D:8      | Learned a level 4 spell: Sticky Flame
  7716 | D:8      | Reached XP level 10. HP: 77/77 MP: 17/17
  7854 | D:8      | Noticed a two-headed ogre
  7886 | D:8      | Killed a two-headed ogre
  7886 | D:8      | Reached skill level 5 in Long Blades
  7886 | D:8      | Reached skill level 5 in Axes
  7886 | D:8      | Reached skill level 5 in Maces & Flails
  7886 | D:8      | Reached skill level 5 in Polearms
  7886 | D:8      | Reached skill level 5 in Staves
  7886 | D:8      | Reached skill level 5 in Slings
  7886 | D:8      | Reached skill level 5 in Bows
  7886 | D:8      | Reached skill level 5 in Crossbows
  7886 | D:8      | Reached skill level 5 in Armour
  7886 | D:8      | Reached skill level 5 in Shields
  7886 | D:8      | Reached skill level 5 in Unarmed Combat
  7886 | D:8      | Reached skill level 5 in Spellcasting
  7886 | D:8      | Reached skill level 5 in Evocations
  8065 | D:8      | You fall through a shaft for 3 floors!
  8076 | D:11     | Noticed a gargoyle
  8107 | D:11     | Gained mutation: Your flesh is cold resistant. (rC+)
                  | [potion of mutation]
  8107 | D:11     | Gained mutation: You are resistant to hostile enchantments.
                  | (MR+) [potion of mutation]
  8182 | D:10     | Entered Level 10 of the Dungeon
  8270 | D:10     | Reached ***** piety under Vehumet
  8278 | D:10     | Offered knowledge of Iron Shot by Vehumet.
  8771 | D:10     | Found a staircase to the Lair.
  8810 | D:10     | Learned a level 3 spell: Dazzling Spray
  8897 | D:9      | Found a burning altar of Makhleb.
  9035 | D:9      | Found a hazy altar of Hepliaklqana.
  9035 | D:9      | Found a sparkling altar of Nemelex Xobeh.
  9073 | D:9      | Found a hide-covered altar of Uskayaw.
  9223 | D:9      | Found a shadowy altar of Dithmenos.
  9240 | D:9      | Reached XP level 11. HP: 84/84 MP: 19/19
  9247 | D:9      | Found a staircase to the Orcish Mines.
  9645 | D:9      | Learned a level 5 spell: Fireball
  9787 | D:10     | Noticed an unseen horror
  9793 | D:10     | Killed an unseen horror
 10175 | Lair:1   | Entered Level 1 of the Lair of Beasts
 10218 | Lair:1   | Reached skill level 5 in Conjurations
 10218 | Lair:1   | Reached skill level 5 in Hexes
 10218 | Lair:1   | Reached skill level 5 in Charms
 10218 | Lair:1   | Reached skill level 5 in Summonings
 10218 | Lair:1   | Reached skill level 5 in Necromancy
 10218 | Lair:1   | Reached skill level 5 in Translocations
 10218 | Lair:1   | Reached skill level 5 in Transmutations
 10218 | Lair:1   | Reached skill level 5 in Fire Magic
 10218 | Lair:1   | Reached skill level 5 in Ice Magic
 10218 | Lair:1   | Reached skill level 5 in Air Magic
 10218 | Lair:1   | Reached skill level 5 in Earth Magic
 10218 | Lair:1   | Reached skill level 5 in Poison Magic
 10452 | Lair:1   | Reached skill level 10 in Stealth
 10548 | Lair:1   | Learned a level 3 spell: Conjure Flame
 11548 | Lair:2   | Found a hole to the Spider Nest.
 11549 | Lair:2   | Noticed a wolf spider
 11561 | Lair:2   | Killed a wolf spider
 11932 | Lair:2   | Got a transparent platinum ring
 12505 | Lair:3   | Noticed Rupert
 12609 | Lair:3   | Reached XP level 12. HP: 74/93 MP: 17/22
 13007 | Lair:3   | Noticed a queen ant
 13112 | Lair:3   | Killed a queen ant
 13389 | Lair:3   | Killed Rupert
 14273 | Lair:3   | Found a staircase to the Swamp.
 15607 | Lair:5   | Noticed a four-headed hydra
 15624 | Lair:5   | Killed a four-headed hydra
 15824 | Lair:5   | Noticed a four-headed hydra
 15985 | Lair:5   | Killed a four-headed hydra
 15985 | Lair:5   | Reached XP level 13. HP: 62/101 MP: 22/24
 16196 | Lair:5   | Identified the ring "Daqones" {rPois rF+ MR- EV+2} (You
                  | found it on level 2 of the Lair of Beasts)
 16420 | Lair:6   | Entered Level 6 of the Lair of Beasts
 16431 | Lair:6   | Found a staircase to the Slime Pits.
 16949 | Lair:6   | Reached skill level 11 in Stealth
 17476 | Lair:6   | Offered knowledge of Bolt of Cold by Vehumet.
 18618 | Lair:6   | Got a faintly glowing halberd
 18629 | Lair:6   | Identified the +8 halberd "Eblek" {freeze, +Blink rPois}
                  | (You found it on level 6 of the Lair of Beasts)
 18682 | Lair:6   | Paralysed by a hornet for 2 turns
 19169 | D:11     | Reached XP level 14. HP: 75/109 MP: 26/26
 19507 | D:11     | Got a steaming battleaxe {antimagic}
 19562 | D:11     | Identified the +3 battleaxe of the Skies Above {antimagic,
                  | +Fly Stlth+} (You took it off an efreet on level 11 of the
                  | Dungeon)
 19670 | D:11     | Reached skill level 10 in Fighting
 19670 | D:11     | Reached skill level 10 in Short Blades
 19670 | D:11     | Reached skill level 10 in Throwing
 19671 | D:11     | Identified the Tome of Earthen Weightlessness
 19942 | D:11     | Found a runed door.
 19944 | D:11     | Noticed coffeespoons's ghost (journeyman GrEE)
 19986 | D:11     | Killed coffeespoons's ghost
 20090 | D:11     | Found Piadywu's General Store.
 20094 | D:11     | Offered knowledge of Bolt of Draining by Vehumet.
 20102 | D:11     | Bought a scroll of blinking for 105 gold pieces
 20102 | D:11     | Bought a scroll of magic mapping for 49 gold pieces
 20102 | D:11     | Bought a scroll of teleportation for 42 gold pieces
 20108 | D:11     | Learned a level 5 spell: Bolt of Draining
 20234 | D:12     | Noticed Azrael
 20377 | Orc:1    | Entered Level 1 of the Orcish Mines
 20386 | Orc:1    | Noticed an orc warlord
 20727 | D:9      | Killed an orc warlord
 21050 | Orc:2    | Entered Level 2 of the Orcish Mines
 21066 | Orc:2    | Noticed Nessos
 21075 | Orc:2    | Killed Nessos
 21118 | Orc:2    | Found a roughly hewn altar of Beogh.
 21163 | Orc:2    | Found Daorchon's Assorted Antiques.
 21167 | Orc:2    | Found an iron altar of Okawaru.
 21658 | Orc:2    | Found a staircase to the Elven Halls.
 21681 | Orc:1    | Found Ositwini's Magic Scroll Shoppe.
 21817 | Orc:1    | Bought a scroll of fear for 42 gold pieces
 21817 | Orc:1    | Bought a scroll of identify for 24 gold pieces
 21817 | Orc:1    | Bought a scroll of identify for 24 gold pieces
 22063 | Orc:1    | Reached skill level 10 in Invocations
 22246 | Orc:1    | Reached ****** piety under Vehumet
 22533 | Orc:2    | Bought a potion of heal wounds for 145 gold pieces
 22548 | Orc:2    | Found a roughly hewn altar of Beogh.
 22785 | Orc:2    | Found Damul's Antique Weapon Shoppe.
 22813 | Orc:2    | Offered knowledge of Bolt of Fire by Vehumet.
 22821 | Orc:2    | Learned a level 6 spell: Bolt of Fire
 22829 | Orc:2    | Found Saoczuhif's Assorted Antiques.
 22877 | Orc:2    | Bought a potion of might for 108 gold pieces
 22910 | Orc:2    | Found Deemekh's Antique Weapon Shoppe.
 22910 | Orc:2    | Found Rogg's Magic Scroll Shop.
 23130 | Orc:2    | Bought a scroll of identify for 30 gold pieces
 23130 | Orc:2    | Bought a scroll of identify for 30 gold pieces
 23130 | Orc:2    | Bought a scroll of identify for 30 gold pieces
 23130 | Orc:2    | Bought a scroll of magic mapping for 52 gold pieces
 23130 | Orc:2    | Bought a scroll of enchant armour for 112 gold pieces
 23373 | D:12     | Killed Azrael
 23449 | D:12     | Found Negh's Antique Weapon Emporium.
 23458 | D:12     | Bought a dazzling battleaxe for 391 gold pieces
 23458 | D:12     | Bought a faintly glowing hand crossbow for 289 gold pieces
 23458 | D:12     | Identified the +4 hand crossbow of Amortisation {speed,
                  | SInv} (You bought it in a shop on level 12 of the Dungeon)
 23460 | D:12     | Identified the +7 battleaxe "Bethre" {vamp, rElec} (You
                  | bought it in a shop on level 12 of the Dungeon)
 23885 | D:12     | Reached skill level 12 in Stealth
 24050 | D:12     | Noticed a tengu reaver
 24058 | D:12     | Reached XP level 15. HP: 44/117 MP: 23/28
 24328 | D:12     | Noticed Josephine
 24354 | D:12     | Killed Josephine
 24624 | D:12     | Reached skill level 10 in Dodging
 25435 | D:13     | Offered knowledge of Poison Arrow by Vehumet.
 25903 | D:13     | Found a gate to the Vaults.
 26870 | D:14     | You fall through a shaft!
 26870 | D:15     | Entered Level 15 of the Dungeon
 27022 | D:15     | Reached skill level 10 in Long Blades
 27022 | D:15     | Reached skill level 10 in Axes
 27022 | D:15     | Reached skill level 10 in Maces & Flails
 27022 | D:15     | Reached skill level 10 in Polearms
 27022 | D:15     | Reached skill level 10 in Staves
 27022 | D:15     | Reached skill level 10 in Slings
 27022 | D:15     | Reached skill level 10 in Bows
 27022 | D:15     | Reached skill level 10 in Crossbows
 27022 | D:15     | Reached skill level 10 in Armour
 27022 | D:15     | Reached skill level 10 in Shields
 27022 | D:15     | Reached skill level 10 in Unarmed Combat
 27022 | D:15     | Reached skill level 10 in Spellcasting
 27022 | D:15     | Reached skill level 10 in Evocations
 27027 | D:15     | Found a staircase to the Depths.
 27333 | D:15     | Offered knowledge of Conjure Ball Lightning by Vehumet.
 28576 | D:14     | Reached XP level 16. HP: 111/125 MP: 30/30
 28914 | D:14     | Learned a level 2 spell: Blink
 28914 | D:14     | namelastname112: пиздовато спишь
 28914 | D:14     | Upgraded the game from 0.23-a0-305-g7ffd15e to
                  | 0.23-a0-307-gc3b755d
 28921 | D:14     | Learned a level 6 spell: Conjure Ball Lightning
 29022 | D:12     | Killed a tengu reaver
 29266 | Spider:1 | Entered Level 1 of the Spider Nest
 30047 | Spider:1 | Offered knowledge of Ozocubu's Refrigeration by Vehumet.
 30215 | Spider:1 | Learned a level 6 spell: Ozocubu's Refrigeration
 30435 | Spider:1 | Noticed Louise
 30641 | Spider:1 | Cast into level 2 of the Abyss (Louise)
 30683 | Abyss:2  | Got a pair of brightly glowing gloves
 30685 | Abyss:2  | Identified the +1 pair of gloves "Caveg" {MR++ rCorr Dex+3
                  | Stlth+} (You found it on level 2 of the Abyss)
 30843 | Abyss:2  | Found a shadowy altar of Dithmenos.
 30982 | Abyss:2  | Noticed a tentacled starspawn
 30989 | Abyss:2  | Noticed a tentacled starspawn
 31040 | Abyss:2  | Noticed a tentacled starspawn
 31228 | Abyss:2  | Found a corrupted altar of Lugonu.
 31234 | Abyss:2  | Fell from the grace of Vehumet
 31234 | Abyss:2  | Became a worshipper of Lugonu the Unformed
 31234 | Abyss:2  | Reached * piety under Lugonu
 31235 | Spider:1 | Escaped the Abyss
 31271 | Spider:1 | Killed Louise
 32136 | Elf:1    | Entered Level 1 of the Elven Halls
 32990 | Elf:1    | Reached skill level 13 in Stealth
 33586 | Elf:1    | Reached ** piety under Lugonu
 33773 | Elf:1    | Identified Ilunwoju's Volume of Arcane Weapons
 34244 | Elf:2    | Got a warped scale mail
 34255 | Elf:2    | Identified the +3 scale mail of the Fisher {MR+ Str+4} (You
                  | found it on level 2 of the Elven Halls)
 34736 | Elf:2    | Reached XP level 17. HP: 68/133 MP: 13/32
 35141 | Elf:2    | Found a runed gate.
 35141 | Elf:2    | Found a runed gate.
 35143 | Elf:2    | Found a runed gate.
 36091 | Elf:3    | Entered Level 3 of the Elven Halls
 36241 | Elf:3    | Found Qem Yvuz's Food Boutique.
 37082 | Elf:2    | Reached *** piety under Lugonu
 37124 | Elf:2    | HP: 1/133 [divine wrath (24)]
 37126 | Elf:2    | Slain by an air elemental

Vault maps used:
D:1:      dpeg_arrival_short_road
D:2:      chequers_ecumenical_altar_simple, uniq_sigmund
D:3:      chequers_temple_overflow_statue_of_worship, lightli_sewer_entry_pipes
D:4:      grunt_ministairs_1
D:5:      nicolae_tso_carved_into_rock, minmay_temple_entry_glass, first_ration,
          nemelex_spade_bored_becter
D:6:      lemuel_doored_altar, gammafunk_ghost_necromancy
D:7:      fedhas_altar_decomposition, the_bakery, patterned_corridor
D:9:      old_standard_altar, makhleb_heckhound_becter,
          nicolae_overflow_hidden_temple
D:10:     lair_entry_dummy
D:11:     minmay_the_grid_triangle_9x9_rhombus_thin_mashed, serial_shops,
          nicolae_shop_waterfront, ebering_ghost_funeral_grove,
          serial_bayou_pond_c
D:12:     minmay_glassy_protrusions, serial_shops, shop, worms_lemuel,
          uniq_azrael, uniq_josephine
D:13:     david_vaults_4
D:14:     hangedman_decor_lopped, einodemon_crawler_minivault
D:15:     grunt_enter_depths_hoard, solitary_fountain, minivault_23
Temple:   minmay_temple_bridge_abc
Lair:1:   enter_volcano_2, grunt_megastairs_1
Lair:2:   spider_nest_entry_funnel_web, serial_bayou_shore_b, grunt_megastairs_5
Lair:3:   nicolae_swamp_entry_splash_gauntlet, minmay_another_anthill,
          uniq_rupert
Lair:4:   minmay_lair_oklob_chamber, lemuel_fruit_tree
Lair:5:   grunt_megastairs_2
Lair:6:   hangedman_lair_in_review, minmay_slime_entry_jelly_boxes,
          kennysheep_basilisk_garden
Spider:1: spiders_nest_a, spider_trap, uniq_louise
Orc:1:    serial_shops, nicolae_shop_stone
Orc:2:    st_orc_town, special_room, basic_altar, serial_shops,
          nicolae_shop_overgrown_old_shop, okawaru_metal_pillars_1_2,
          uniq_nessos
Elf:1:    minmay_elf_annihilation
Elf:2:    basic_stair_grate_trap
Elf:3:    minmay_elf_hall_dome, serial_shops, shop, grunt_megastairs_3

Skill      XL: |  1  2  3  4  5  6  7  8  9 10 11 12 13 14 15 16 17 |
---------------+----------------------------------------------------+-----
Long Blades    | 1 2 3 4 5 6 7 8 9 10 11 | 11.3
Axes           | 1 2 3 4 5 6 7 8 9 10 11 | 11.3
Maces & Flails | 1 2 3 4 5 6 7 8 9 10 11 | 11.3
Polearms       | 1 2 3 4 5 6 7 8 9 10 11 | 11.3
Staves         | 1 2 3 4 5 6 7 8 9 10 11 | 11.3
Slings         | 1 2 3 4 5 6 7 8 9 10 11 | 11.3
Bows           | 1 2 3 4 5 6 7 8 9 10 11 | 11.3
Crossbows      | 1 2 3 4 5 6 7 8 9 10 11 | 11.3
Armour         | 1 2 3 4 5 6 7 8 9 10 11 | 11.3
Dodging        | 3 4 5 6 7 8 9 10 11 | 11.6
Shields        | 1 2 3 4 5 6 7 8 9 10 11 | 11.3
Unarmed Combat | 1 2 3 4 5 6 7 8 9 10 11 | 11.3
Spellcasting   | 1 2 3 4 5 6 7 8 9 10 11 | 11.3
Conjurations   | 1 2 3 4 5 6 7 8 9 |  9.6
Hexes          | 1 2 3 4 5 6 7 8 9 |  9.6
Charms         | 1 2 3 4 5 6 7 8 9 |  9.6
Summonings     | 1 2 3 4 5 6 7 8 9 |  9.6
Necromancy     | 1 2 3 4 5 6 7 8 9 |  9.6
Translocations | 1 2 3 4 5 6 7 8 9 |  9.6
Transmutations | 1 2 3 4 5 6 7 8 9 |  9.6
Fire Magic     | 1 2 3 4 5 6 7 8 9 |  9.6
Ice Magic      | 1 2 3 4 5 6 7 8 9 |  9.6
Air Magic      | 1 2 3 4 5 6 7 8 9 |  9.6
Earth Magic    | 1 2 3 4 5 6 7 8 9 |  9.6
Poison Magic   | 1 2 3 4 5 6 7 8 9 |  9.6
Invocations    | 1 2 3 4 5 6 7 8 9 10 11 12 | 12.2
Evocations     | 1 2 3 4 5 6 7 8 9 10 11 | 11.3
Stealth        | 8 9 10 11 12 13 | 13.3
Fighting       | 5 6 7 8 9 10 11 12 | 12.1
Short Blades   | 5 6 7 8 9 10 11 12 | 12.1
Throwing       | 5 6 7 8 9 10 11 12 | 12.1

Action                   |  1- 3 |  4- 6 |  7- 9 | 10-12 | 13-15 | 16-18 || total
-------------------------+-------+-------+-------+-------+-------+-------++-------
Melee: Dagger            |    78 |   200 |   520 |   243 |   257 |       ||  1298
       Bite              |     6 |    23 |    60 |    85 |   142 |    73 ||   389
       Punch             |       |     2 |    14 |    29 |    13 |       ||    58
       Scimitar          |       |       |       |   358 |       |       ||   358
       Halberd           |       |       |       |       |   858 |   818 ||  1676
       Battleaxe         |       |       |       |       |   188 |       ||   188
 Fire: Blowgun           |       |       |       |    12 |       |       ||    12
       Hand crossbow     |       |       |       |       |    49 |    67 ||   116
 Cast: Sandblast         |       |     5 |    20 |     8 |       |       ||    33
       Sticky Flame      |       |       |     3 |   109 |   127 |    23 ||   262
       Dazzling Spray    |       |       |       |     6 |     2 |     3 ||    11
       Fireball          |       |       |       |    24 |    18 |    15 ||    57
       Conjure Flame     |       |       |       |     1 |    13 |    27 ||    41
       Bolt of Fire      |       |       |       |       |    23 |    12 ||    35
       Bolt of Draining  |       |       |       |       |     8 |       ||     8
       Blink             |       |       |       |       |       |    22 ||    22
       Ozocubu's Refrige |       |       |       |       |       |    13 ||    13
       Conjure Ball Ligh |       |       |       |       |       |     1 ||     1
Invok: Depart the Abyss  |       |       |       |       |       |     1 ||     1
 Abil: Evoke Blink       |       |       |       |       |    12 |       ||    12
Evoke: Wand              |       |       |       |     4 |    26 |     8 ||    38
       Sack of spiders   |       |       |       |       |     4 |       ||     4
  Use: Scroll            |       |       |    14 |     6 |    16 |    18 ||    54
       Potion            |       |       |     1 |     3 |     6 |     5 ||    15
 Stab: Sleeping          |     4 |    15 |    14 |    12 |    34 |    13 ||    92
       Distracted        |       |     1 |     1 |     3 |     6 |     5 ||    16
       Invisible         |       |       |       |     1 |     2 |       ||     3
       Petrified         |       |       |       |       |     2 |       ||     2
  Eat: Chunk             |       |     3 |     6 |    38 |    46 |    10 ||   103
       Ration            |       |     1 |     3 |     4 |     8 |    10 ||    26
Armor: Robe              |     6 |     8 |       |       |       |       ||    14
       Skin              |    14 |     9 |       |       |       |       ||    23
       Scale mail        |       |    55 |    38 |       |       |     6 ||    99
       Ring mail         |       |       |    80 |       |       |       ||    80
       Troll leather arm |       |       |    31 |   238 |   370 |   336 ||   975
Dodge: Dodged            |    33 |   110 |   218 |   515 |  1127 |   872 ||  2875
       Rpst.: Scimitar   |       |       |       |   104 |       |       ||   104

Table legend:
 A = Non-vault XP
 B = Vault XP
 C = Vault XP percentage of total XP
 D = Non-vault monster count
 E = Vault monster count
 F = Vault count percentage of total count
                 A         B        C        D         E       F
            +---------+---------+-------+---------+---------+-------
      Total |  136770 |   71096 |  34.2 |     680 |     273 |  28.6
            +---------+---------+-------+---------+---------+-------
        D:1 |      47 |       0 |   0.0 |      25 |       0 |   0.0
        D:2 |      32 |     212 |  86.9 |      14 |       1 |   6.7
        D:3 |     132 |      92 |  41.1 |      30 |      15 |  33.3
        D:4 |     234 |       9 |   3.7 |      13 |       4 |  23.5
        D:5 |     335 |       0 |   0.0 |       9 |       0 |   0.0
        D:6 |     778 |       0 |   0.0 |      21 |       0 |   0.0
        D:7 |     977 |     793 |  44.8 |      23 |       7 |  23.3
        D:8 |    2163 |       0 |   0.0 |      28 |       0 |   0.0
        D:9 |    3961 |      43 |   1.1 |      29 |       1 |   3.3
       D:10 |    3650 |       0 |   0.0 |      42 |       0 |   0.0
       D:11 |    6440 |    5210 |  44.7 |      44 |      21 |  32.3
       D:12 |    3492 |   12506 |  78.2 |      39 |      30 |  43.5
       D:13 |    8414 |    2314 |  21.6 |      30 |       3 |   9.1
       D:14 |    1928 |    1933 |  50.1 |      16 |       6 |  27.3
       D:15 |   21455 |    2104 |   8.9 |      45 |       2 |   4.3
     Lair:1 |    3625 |     403 |  10.0 |      17 |       1 |   5.6
     Lair:2 |    4979 |    3677 |  42.5 |      19 |      10 |  34.5
     Lair:3 |    2682 |    6528 |  70.9 |      13 |      34 |  72.3
     Lair:4 |    2329 |    1077 |  31.6 |      13 |       5 |  27.8
     Lair:5 |    2571 |     452 |  15.0 |       6 |       3 |  33.3
     Lair:6 |    8652 |    9416 |  52.1 |      31 |      34 |  52.3
   Spider:1 |   10580 |    6270 |  37.2 |      33 |      26 |  44.1
      Orc:1 |    2401 |     133 |   5.2 |      36 |       2 |   5.3
      Orc:2 |    2865 |   11938 |  80.6 |      22 |      61 |  73.5
      Elf:1 |   13219 |    2474 |  15.8 |      33 |       2 |   5.7
      Elf:2 |   22207 |    3445 |  13.4 |      35 |       4 |  10.3
      Elf:3 |    5646 |      67 |   1.2 |       8 |       1 |  11.1
    Abyss:2 |     976 |       0 |   0.0 |       6 |       0 |   0.0
            +---------+---------+-------+---------+---------+-------
